 Dungeon Crawl Stone Soup version 0.30-a0-219-gf2db51d15e (webtiles) character file.

Game seed: 732034982462870068

767 KennySheep the Stinger (level 7, 0/87 HPs)
             Began as a Naga Transmuter on Oct 8, 2022.
             Succumbed to a water moccasin's poison
             ... on level 6 of the Dungeon.
             The game lasted 00:12:52 (3336 turns).

KennySheep the Stinger (Naga Transmuter)            Turns: 3336, Time: 00:12:53

Health: 0/87       AC:  2    Str: 12    XL:     7   Next: 82%
Magic:  10/10      EV: 19    Int: 16    God:
Gold:   179        SH:  0    Dex: 16    Spells: 4/10 levels left

rFire   . . .      SeeInvis +      - Unarmed
rCold   . . .      Faith    .    (shield currently unavailable)
rNeg    . . .      Spirit   .    (body armour currently unavailable)
rPois   x          Reflect  .    (helmet currently unavailable)
rElec   .          Harm     .    (cloak currently unavailable)
rCorr   .          Rampage  .    (gloves currently unavailable)
Will    .....                    (no barding)
Stlth   ..........               (no amulet)
HPRegen 0.34/turn                (no ring)
MPRegen 0.12/turn                (no ring)

@: berserking (expiring), lethally poisoned (0 -> -8), spider-form (expiring),
very quick
A: venomous fangs, AC +2, tiny, see invisible, (deformed body), (poison
resistance), (slowness 2), spit poison 1, (naga tail 1)
a: Spit Poison, End Transformation


You were on level 6 of the Dungeon.
You were a venomous arachnid creature.
You visited 1 branch of the dungeon, and saw 5 of its levels.

You collected 269 gold pieces.
You spent 90 gold pieces at shops.

Inventory:

Armour
 a - a +0 robe
 k - the +2 robe of Dice, Bag, and Bottle (melded) {Rampage rF+}
   (You found it on level 2 of the Dungeon)

   rF:        It protects you from fire.
   Rampage:   It bestows one free step when moving towards enemies.
Jewellery
 g - an amulet of guardian spirit
Wands
 i - a wand of light (8)
 s - a wand of flame (17)
Scrolls
 l - 3 scrolls of teleportation
 p - a scroll of identify
 q - a scroll of brand weapon {unknown}
 r - a scroll of acquirement {unknown}
 u - a scroll of poison {unknown}
Potions
 b - a potion of lignification
 c - 2 potions of heal wounds {unknown}
 d - 2 potions of flight
 e - a potion of attraction
 f - a potion of cancellation {unknown}
 h - 2 potions of haste
 j - a potion of invisibility
 m - a potion of curing
 n - a potion of degeneration
 t - a potion of brilliance {unknown}


   Skills:
 + Level 1.8 Fighting
 + Level 2.1 Dodging
 + Level 3.4 Unarmed Combat
 - Level 2.3 Spellcasting
 * Level 5.9 Transmutations
 + Level 6.6 Poison Magic


You had 4 spell levels left.
You knew the following spells:

 Your Spells              Type           Power      Damage    Failure   Level
a - Beastly Appendage     Tmut           40%        N/A       8%          1
b - Wereblood             Tmut           20%        N/A       10%         2
z - Spider Form           Tmut/Pois      21%        N/A       14%         3

Your spell library contained the following spells:

 Spells                   Type           Power      Damage    Failure   Level
 Gell's Gravitas          Tloc           1%         N/A       73%         3
 Lesser Beckoning         Tloc           2%         N/A       73%         3
 Teleport Other           Tloc           1%         N/A       73%         3
 Ice Form                 Ice/Tmut       11%        N/A       73%         4


Dungeon Overview and Level Annotations

Branches:
Dungeon (6/15)
 Temple: D:4-7

Altars:
Fedhas
Kikubaaqudgha

Shops:
D:1 *   D:2 !


Innate Abilities, Weirdness & Mutations

You are a venomous arachnid creature.
You have poisonous fangs.
You are tiny and dextrous.
Your spellcasting is less reliable in this form.
Your armour is entirely melded.
You are incapable of wielding weapons or throwing items.
((Your serpentine skin is tough. (AC +2)))
You have supernaturally acute eyesight. (SInv)
((Armour fits poorly on your strangely shaped body.))
((Your system is resistant to poisons. (rPois)))
((You cover ground very slowly.))
You can spit poison.
((You have a snake-like lower body.))


Message History

The water moccasin poisons you!
You bite the water moccasin!
You kill the water moccasin!
* * * LOW HITPOINT WARNING * * *
You feel very sick.
Your Dodging skill increases to level 2!
You bite the orc wizard!
You kill the orc wizard!
* * * LOW HITPOINT WARNING * * *
You feel very sick.
You bite the scorpion!
The scorpion is poisoned.
The scorpion is heavily wounded.
* * * LOW HITPOINT WARNING * * *
You feel very sick. The scorpion misses you.
You bite the scorpion!
You kill the scorpion!
* * * LOW HITPOINT WARNING * * *
You feel very sick.
* * * LOW HITPOINT WARNING * * *
You feel sick.
The iguana bites you but does no damage.
Items here: $ ) [ †††.
You bite the orc wizard!
The orc wizard is poisoned.
The orc wizard is severely wounded.
* * * LOW HITPOINT WARNING * * *
You feel sick.
The iguana bites you but does no damage.
The orc wizard closely misses you.
You closely miss the orc wizard.
The orc wizard is severely wounded.
* * * LOW HITPOINT WARNING * * *
You feel sick.
You bite the orc wizard!
You kill the orc wizard!
* * * LOW HITPOINT WARNING * * *
You feel sick. The iguana barely misses you.
You bite the iguana!
The iguana is poisoned.
The iguana is heavily wounded.
You die...

#....#### .....
#....#..P##...
#....#._P....###
#....#......o)P####
#....####...o.....#
#.......###...)._.#
#............##...# .
#............l#####....
###...######...os........
#<#)..# #.############
#.#...######+#
#'#......... ............
.....÷...... ............
...###...... ...# ......


You could see an iguana (very poisoned) and an orc.

Vanquished Creatures
  A water moccasin (D:6)
  An ogre (D:5)
  A phantom (D:5)
  2 bullfrogs (D:6)
  2 scorpions
  A hound (D:5)
  An orc priest (D:6)
  2 orc wizards (D:6)
  2 iguanas
  Robin (D:2)
  2 adders (D:5)
  2 ufetubi
  A worm (D:5)
  2 dart slugs
  4 orcs
  3 ball pythons
  6 endoplasms
  10 goblins
  A hobgoblin (D:1)
  4 jackals
  A quokka (D:2)
  2 bats
  5 frilled lizards
  6 kobolds
  4 rats
67 creatures vanquished.

Vanquished Creatures (others)
  4 plants (D:6)
  2 withered plants (D:6)
6 creatures vanquished.

Grand Total: 73 creatures vanquished

Notes
Turn   | Place    | Note
-------+----------+-------------------------------------------
     0 | D:1      | KennySheep the Naga Transmuter began the quest for the Orb.
     0 | D:1      | Reached XP level 1. HP: 18/18 MP: 3/3
   107 | D:1      | Reached skill level 1 in Poison Magic
   107 | D:1      | Reached XP level 2. HP: 23/25 MP: 5/5
   110 | D:1      | Learned a level 2 spell: Wereblood
   129 | D:1      | Found Plog's General Store.
   311 | D:1      | Found a faded altar of an unknown god.
   803 | D:1      | Reached XP level 3. HP: 30/31 MP: 6/6
   807 | D:1      | Learned a level 3 spell: Spider Form
   872 | D:2      | Reached skill level 2 in Poison Magic
  1194 | D:2      | Identified the +2 robe of Dice, Bag, and Bottle {Rampage
                  | rF+}
  1266 | D:2      | Noticed Robin
  1522 | D:2      | Found Pumnop's Distillery.
  1533 | D:2      | Bought a potion of curing for 30 gold pieces
  1533 | D:2      | Bought a potion of degeneration for 10 gold pieces
  1533 | D:2      | Bought a potion of berserk rage for 50 gold pieces
  1693 | D:2      | Killed Robin
  1698 | D:2      | Reached XP level 4. HP: 34/38 MP: 3/7
  1787 | D:3      | Reached skill level 3 in Poison Magic
  1871 | D:3      | You fall into a shaft and drop 2 floors!
  1871 | D:5      | Entered Level 5 of the Dungeon
  1974 | D:5      | Reached skill level 4 in Poison Magic
  1974 | D:5      | Reached XP level 5. HP: 14/44 MP: 2/8
  2096 | D:5      | Noticed a phantom
  2128 | D:5      | Killed a phantom
  2344 | D:5      | Reached skill level 5 in Poison Magic
  2344 | D:5      | Reached XP level 6. HP: 47/51 MP: 5/9
  2681 | D:5      | Reached skill level 5 in Transmutations
  3026 | D:6      | Reached skill level 6 in Poison Magic
  3026 | D:6      | Reached XP level 7. HP: 12/57 MP: 6/10
  3041 | D:6      | HP: 2/57 [ufetubus (2)]
  3288 | D:6      | Found a blossoming altar of Fedhas.
  3293 | D:6      | Found an ancient bone altar of Kikubaaqudgha.
  3334 | D:6      | HP: 3/87 [poisoned by a water moccasin]
  3335 | D:6      | HP: 1/87 [poisoned by a water moccasin]
  3336 | D:6      | Succumbed to a water moccasin's poison

Illustrated notes

Levels and vault maps discovered:
D:1:      minmay_arrival_four_houses, layout_basic, serial_forest,
          infiniplex_forest_zigzag_2, infiniplex_forest_corner_1,
          infiniplex_forest_straight_3, infiniplex_forest_end_2,
          infiniplex_forest_lined_2, infiniplex_forest_lined_ring,
          infiniplex_forest_clump_tiny, hellmonk_ecumenical_altar_prayer_group,
          serial_shops, nicolae_shop_trees
D:2:      layout_loops_ring, serial_shops, shop, uniq_robin
D:3:      layout_basic, kennysheep_flooded_box
D:5:      layout_loops_cross, chequers_ossuary_entry_cave,
          cheibrodos_sewer_entry_bend, nicolae_figureground_sparkle
D:6:      layout_basic, grunt_temple_overflow_growth_and_decay, temple_pool_b

Skill      XL: |  1  2  3  4  5  6  7 |
---------------+----------------------+-----
Poison Magic   | 1 2 4 5 6 |  6.6
Transmutations | 3 4 5 |  5.9
Dodging        | 2 |  2.1
Fighting       | |  1.8
Unarmed Combat | |  3.4
Spellcasting   | |  2.3

Action                   |  1- 3 |  4- 6 |  7- 9 || total
-------------------------+-------+-------+-------++-------
Melee: Unarmed           |   125 |   104 |    42 ||   271
       Punch             |     2 |       |       ||     2
       Headbutt          |     6 |     1 |       ||     7
 Cast: Beastly Appendage |     4 |     1 |       ||     5
       Wereblood         |     1 |       |       ||     1
       Spider Form       |     3 |    11 |     2 ||    16
 Abil: Spit Poison       |     1 |       |       ||     1
  Use: Potion            |     2 |       |     1 ||     3
       Scroll            |       |     3 |       ||     3
 Stab: Sleeping          |     2 |     1 |       ||     3
Armor: Robe              |    39 |    16 |       ||    55
       Skin              |     1 |     4 |     6 ||    11
Dodge: Dodged            |    86 |    54 |    38 ||   178

Table legend: (Time is in decaauts)
 A = Elapsed time spent in this place.
 B = Non-inter-level travel time spent in this place.
 C = Inter-level travel time spent in this place.
 D = Time resting spent in this place.
 E = Time spent auto-exploring this place.
 F = Levels seen in this place.
 G = Mean time per level.
                   A        B        C        D        E       F      G
               +--------+--------+--------+--------+--------+-----+--------+
         Total |   4066 |   3887 |    179 |    337 |   2675 |   5 |  813.2 |
       Dungeon |   4066 |   3887 |    179 |    337 |   2675 |   5 |  813.2 |
               +--------+--------+--------+--------+--------+-----+--------+

Top non-repeatable levels by time:
     D:5: 1577 daAuts
     D:1: 1124 daAuts
     D:2: 1054 daAuts
     D:6: 164 daAuts
     D:3: 145 daAuts
